 Dungeon Crawl Stone Soup version 0.32-a0-791-gfc315c9ecd (webtiles) character file.

Game seed: 11098862976363412058

1059 zenocrate the Insei (level 8, -2/54 HPs)
             Began as an Octopode Earth Elementalist on Mar 20, 2024.
             Slain by a gnoll
             ... wielding a +0 spear
             ... led by a gnoll sergeant
              (4 damage)
             ... on level 6 of the Dungeon.
             The game lasted 00:04:37 (4311 turns).

zenocrate the Insei (Octopode Earth Elementalist)   Turns: 4311, Time: 00:04:38

Health: -2/54      AC:  1    Str: 10    XL:     8   Next: 27%
Magic:  0/11       EV: 14    Int: 17    God:
Gold:   347        SH:  0    Dex: 18    Spells: 6/11 levels left

rFire   . . .        a - +7 short sword "Woras" {freeze, rN+}
rCold   . . .        (no shield)
rNeg    + . .        (helmet restricted)
rPois   .            (no amulet)
rElec   .            m - ring of resist corrosion
rCorr   +            q - +6 ring of dexterity
SInv    .            (no ring)
Will    .....        (no ring)
Stlth   +++          (no ring)
HPRegen 0.29/turn    (no ring)
MPRegen 0.12/turn    (no ring)
                     (no ring)

%: no passive effects
@: no status effects
A: almost no armour, amphibious, 8 rings, camouflage 1, gelatinous body 1,
(nimble swimmer 1), tentacles
a: no special abilities


You were on level 6 of the Dungeon.
You visited 1 branch of the dungeon, and saw 6 of its levels.

You collected 347 gold pieces.

Inventory:

Hand Weapons
 a - the +7 short sword "Woras" (weapon) {freeze, rN+}
   (You found it on level 3 of the Dungeon)

   rN+:       It protects you from negative energy.
Jewellery
 h - an amulet of faith
 m - a ring of resist corrosion (left tentacle)
 q - a +6 ring of dexterity (right tentacle)
Wands
 p - a wand of flame (15)
 s - a wand of roots (2)
Scrolls
 b - 3 scrolls of amnesia
 c - a scroll of blinking {unknown}
 e - a scroll of noise {unknown}
 f - 2 scrolls of fog {unknown}
 i - a scroll of enchant armour {unknown}
 k - 2 scrolls of fear {unknown}
 l - a scroll of torment {unknown}
 t - a scroll of vulnerability {unknown}
 w - a scroll of revelation {unknown}
 x - a scroll of enchant weapon {unknown}
Potions
 d - a potion of brilliance
 j - a potion of mutation
 n - a potion of enlightenment
 o - a potion of magic
 r - a potion of degeneration {unknown}
 u - a potion of invisibility {unknown}
 v - 2 potions of haste {unknown}
 z - a potion of heal wounds {unknown}


   Skills:
 - Level 4.0 Fighting
 + Level 4.9 Dodging
 - Level 2.6 Stealth
 + Level 6.6 Unarmed Combat
 - Level 2.0 Spellcasting
 - Level 1.0 Conjurations
 - Level 3.3 Earth Magic


You had 6 spell levels left.
You knew the following spells:

 Your Spells              Type           Power      Damage    Failure   Level
a - Stone Arrow           Conj/Erth      18%        3d8       24%         3
b - Sandblast             Erth           26%        2d8       4%          1
m - Apportation           Tloc           2%         N/A       19%         1

Your spell library contained the following spells:

 Spells                   Type           Power      Damage    Failure   Level
 Passwall                 Erth           13%        N/A       14%         3
 Jinxbite                 Hex            2%         N/A       28%         2
 Gell's Gravitas          Tloc           1%         N/A       50%         3
 Teleport Other           Tloc           1%         N/A       50%         3
 Brom's Barrelling Bould  Conj/Erth      9%         2d3       61%         4
 Petrify                  Alch/Erth      7%         N/A       67%         4
 Alistair's Intoxication  Alch           0%         N/A       99%         5
 Dispersal                Tloc           0%         N/A       100%        6


Dungeon Overview and Level Annotations

Branches:
Dungeon (6/15)
 Temple: D:4-7

Altars:
Elyvilon
Kikubaaqudgha
Qazlal
Vehumet

Shops:
D:3 [


Innate Abilities, Weirdness & Mutations

You cannot wear most types of armour.
You are amphibious.
You can wear up to eight rings at the same time.
Your skin changes colour to match your surroundings (Stealth+).
Your rubbery body absorbs attacks. (AC +1, EV +1)
((You are camouflaged when in or above water. (Stealth+)))
You have tentacles for arms and can constrict up to eight enemies at once.


Message History

Casting: Stone Arrow (dangerous; 24% risk of failure)
Confirm with . or Enter, or press ? or * to list all spells.
Aiming: Stone Arrow (dangerous; 24% risk of failure)
Press: ? - help, Shift-Dir - straight line, f - gnoll sergeant
Aim: a gnoll sergeant, wielding a +0 trident, wearing a +0 scale mail and wearing a +0 kite shield (moderately wounded, 78% to hit)
The gnoll sergeant blocks the stone arrow.
The gnoll hits you from afar with a +0 spear.
* * * LOW HITPOINT WARNING * * *
The gnoll sergeant misses you.
Unknown command.
Unknown command.
Unknown command.
You hit the gnoll sergeant. You freeze the gnoll sergeant.
You grab the gnoll sergeant.
The gnoll sergeant is heavily wounded.
You constrict the gnoll sergeant. The gnoll closely misses you.
The gnoll sergeant hits you with a +0 trident!
* * * LOW HITPOINT WARNING * * *
Unknown command.
Unknown command.
Okay, then.
You feel better.
You constrict the gnoll sergeant.
The gnoll hits you from afar with a +0 spear!
* * * LOW HITPOINT WARNING * * *
The gnoll sergeant hits you with a +0 trident!
* * * LOW HITPOINT WARNING * * *
You puncture the gnoll sergeant! You freeze the gnoll sergeant.
You kill the gnoll sergeant!
The gnoll closely misses you.
Unknown command.
Okay, then.
Okay, then.
Aiming: Fastroot
Press: ? - help, Shift-Dir - straight line, f - gnoll
Aim: a gnoll, wielding a +0 spear The roots erupt in riotous growth!
Roots grab the gnoll.
The grasping roots constrict the gnoll.
The gnoll hits you from afar with a +0 spear.
You die...

.....†........#
######.###........
#.# #.#.####.
##.###...[#
#.....#.#...
#.####....### #.#
#### ...#######.#
#...g)@...#
#.#########


You could see a gnoll (rooted).

Vanquished Creatures
  A water moccasin (D:3)
  An orc warrior (D:5)
  An ice beast (D:5)
  2 gnoll sergeants
  5 scorpions
  An orc priest (D:5)
  2 hounds (D:6)
  Ijyb (D:3)
  6 adders
  7 gnolls
  5 dart slugs
  3 ribbon worms
  6 orcs (D:5)
  11 ball pythons
  8 endoplasms
  4 giant cockroaches
  12 hobgoblins
  18 jackals
  7 kobolds
  5 quokkas
  4 bats
  4 frilled lizards
  6 goblins
  5 rats
125 creatures vanquished.

Notes
Turn   | Place    | Note
-------+----------+-------------------------------------------
     0 | D:1      | zenocrate the Octopode Earth Elementalist began the quest
                  | for the Orb.
     0 | D:1      | Reached XP level 1. HP: 11/11 MP: 3/3
    73 | D:1      | Reached skill level 1 in Unarmed Combat
   217 | D:1      | Reached XP level 2. HP: 12/17 MP: 5/5
   581 | D:1      | Reached skill level 2 in Unarmed Combat
   646 | D:1      | Found a faded altar of an unknown god.
   651 | D:1      | Reached XP level 3. HP: 21/21 MP: 4/6
   948 | D:1      | Learned a level 3 spell: Stone Arrow
  1175 | D:2      | Reached skill level 1 in Fighting
  1239 | D:2      | Reached XP level 4. HP: 28/28 MP: 7/7
  1763 | D:3      | Reached skill level 3 in Unarmed Combat
  1860 | D:3      | Found Amoxieq's Antique Armour Shop.
  1909 | D:3      | Found a stormy altar of Qazlal.
  1910 | D:3      | Identified the +7 short sword "Woras" {freeze, rN+}
  1945 | D:3      | Found an ancient bone altar of Kikubaaqudgha.
  1977 | D:3      | Found a radiant altar of Vehumet.
  1998 | D:3      | Noticed a water moccasin
  2001 | D:3      | Killed a water moccasin
  2002 | D:3      | Reached XP level 5. HP: 36/36 MP: 8/8
  2025 | D:3      | Noticed Ijyb
  2033 | D:3      | Killed Ijyb
  2034 | D:3      | Reached skill level 4 in Unarmed Combat
  2034 | D:3      | Reached XP level 6. HP: 39/42 MP: 9/9
  2468 | D:4      | Found a white marble altar of Elyvilon.
  2994 | D:5      | Entered Level 5 of the Dungeon
  3124 | D:5      | Noticed an orc warrior
  3139 | D:5      | Killed an orc warrior
  3140 | D:5      | Reached skill level 5 in Unarmed Combat
  3140 | D:5      | Reached XP level 7. HP: 22/48 MP: 10/10
  3691 | D:5      | Reached skill level 6 in Unarmed Combat
  4041 | D:5      | Reached XP level 8. HP: 54/54 MP: 11/11
  4217 | D:6      | Learned a level 1 spell: Apportation
  4309 | D:6      | HP: 2/54 [gnoll sergeant/+0 trident (8)]
  4311 | D:6      | Slain by a gnoll

Illustrated notes

Levels and vault maps discovered:
D:1:      minmay_arrival_hallway, layout_basic,
          hellmonk_ecumenical_altar_dog_temple
D:2:      layout_basic, minivault_26
D:3:      layout_basic, nicolae_overflow_hidden_temple, serial_shops,
          nicolae_shop_dealshenge, uniq_ijyb
D:4:      layout_cave_pods, lemuel_round_altar, nicolae_letterblocks
          [nicolae_letter_subblock, nicolae_letter_subblock,
          nicolae_letter_subblock, nicolae_letter_subblock,
          nicolae_letter_subblock, nicolae_letter_subblock,
          nicolae_letter_subblock, nicolae_letter_subblock,
          nicolae_letter_subblock, nicolae_letter_subblock,
          nicolae_letter_subblock, nicolae_letter_subblock,
          nicolae_letter_subblock, nicolae_letter_subblock,
          nicolae_letter_subblock, nicolae_letter_subblock,
          nicolae_letter_subblock, nicolae_letter_subblock,
          nicolae_letter_subblock, nicolae_letter_subblock,
          nicolae_letter_subblock, nicolae_letter_subblock,
          nicolae_letter_subblock, nicolae_letter_subblock,
          nicolae_letter_subblock]
D:5:      layout_basic, dreamdust_princess_corridor
D:6:      layout_loops_ring, yredelemnul_altar_generic,
          minmay_temple_entry_nine_rooms, ebering_ghost_sewer_d, uniq_eustachio,
          uniq_blork_the_orc, uniq_maggie

Skill      XL: |  1  2  3  4  5  6  7 |
---------------+----------------------+-----
Unarmed Combat | 1 2 3 4 5 6 |  6.6
Fighting       | 1 3 4 |  4.0
Dodging        | 4 |  4.9
Stealth        | |  2.6
Spellcasting   | |  2.0
Conjurations   | |  1.0
Earth Magic    | |  3.3

Action                     |  1- 3 |  4- 6 |  7- 9 || total
---------------------------+-------+-------+-------++-------
  Melee: Unarmed           |    73 |    37 |       ||   110
         Constrict         |    24 |    33 |     5 ||    62
         Tentacles         |    11 |    23 |     5 ||    39
         Punch             |     1 |     1 |       ||     2
         Short sword       |       |    56 |    27 ||    83
   Cast: Sandblast         |    11 |       |       ||    11
         Stone Arrow       |       |       |     6 ||     6
  Evoke: Wand              |       |       |     3 ||     3
    Use: Scroll            |       |     3 |     2 ||     5
         Potion            |       |     1 |     2 ||     3
   Stab: Sleeping          |     6 |    15 |     6 ||    27
 Armour: Skin              |    32 |    31 |    24 ||    87
  Dodge: Dodged            |    46 |    40 |    20 ||   106

Table legend: (Time is in decaauts)
 A = Elapsed time spent in this place.
 B = Non-inter-level travel time spent in this place.
 C = Inter-level travel time spent in this place.
 D = Time resting spent in this place.
 E = Time spent auto-exploring this place.
 F = Levels seen in this place.
 G = Mean time per level.
                   A        B        C        D        E       F      G
               +--------+--------+--------+--------+--------+-----+--------+
         Total |   4312 |   4255 |     57 |     14 |   3482 |   6 |  718.7 |
       Dungeon |   4312 |   4255 |     57 |     14 |   3482 |   6 |  718.7 |
               +--------+--------+--------+--------+--------+-----+--------+

Top non-repeatable levels by time:
     D:5: 1022 daAuts
     D:4: 1016 daAuts
     D:1: 959 daAuts
     D:2: 776 daAuts
     D:3: 430 daAuts
     D:6: 106 daAuts
